 Dungeon Crawl Stone Soup version 0.18.1-50-g88ac8fd (webtiles) character file.

266 ololoev the Magician (level 6, 7/32 HPs)
             Began as a Deep Elf Earth Elementalist on Nov 30, 2016.
             Quit the game on level 4 of the Dungeon.
             The game lasted 00:05:21 (590 turns).

ololoev the Magician (Deep Elf Earth Elementalist)   Turns: 590, Time: 00:05:22

Health: 7/32       AC:  4    Str:  7    XL:     6   Next: 0%
Magic:  0/18       EV: 13    Int: 22    God:
Gold:   57         SH:  0    Dex: 15    Spells: 5 memorised, 4 levels left

rFire  + . .     SeeInvis .     (no weapon)
rCold  + . .     Gourm    .     a - +0 robe
rNeg   . . .     Faith    .     (no shield)
rPois  +         Spirit   .     n - +2 hat
rElec  +         Dismiss  .     (no cloak)
rCorr  +         Reflect  .     (no gloves)
SustAt .         Harm     .     (no boots)
MR     .....                    (no amulet)
Stlth  ++........               l - +2 ring of strength
                                k - ring of resist corrosion

@: mildly poisoned (7 -> 5), resistant, very slightly contaminated, not
resistant to hostile enchantments, unstealthy
A: no striking features
a: no special abilities

Inventory:

Armour
 a - a +0 robe (worn)
 n - a +2 hat (worn)
Jewellery
 k - a ring of resist corrosion (left hand)
 l - a +2 ring of strength (right hand)
Scrolls
 e - a scroll of magic mapping {unknown}
 g - a scroll of identify {unknown}
 j - 2 scrolls of noise {unknown}
 m - 2 scrolls of remove curse {unknown}
Books
 c - a book of Geomancy

   Spells                             Type                      Level
   a - Sandblast                      Earth                        1
   b - Passwall                       Transmutation/Earth          2
   c - Stone Arrow                    Conjuration/Earth            3
   d - Petrify                        Transmutation/Earth          4
   e - Lee's Rapid Deconstruction     Earth                        5
Comestibles
 b - 3 chunks of flesh
 d - 2 bread rations
 f - 2 meat rations


   Skills:
 - Level 2.4 Dodging
 - Level 2.4 Stealth
 * Level 7.0 Spellcasting
 - Level 1.1 Transmutations
 + Level 5.1 Earth Magic


You had 4 spell levels left.
You knew the following spells:

 Your Spells              Type           Power        Failure   Level  Hunger
a - Sandblast             Erth           ####..       1%          1    None
b - Stone Arrow           Conj/Erth      ###...       12%         3    None
c - Lee's Rapid Deconstr  Erth           ####......   34%         5    #####..
d - Petrify               Trmt/Erth      ###.....     28%         4    ###....
w - Passwall              Trmt/Erth      ###.......   4%          2    None


You were on level 4 of the Dungeon.
You were not hungry.

You visited 1 branch of the dungeon, and saw 4 of its levels.

You collected 57 gold pieces.

.......<.####
####........# #..#
#.##.....####.#..# #
#..#..........#
#..##.###.#...##
....##.##.#.$...##
###.###.#.#.......###
.........##.........#
###.###@#.#.......#
#. #o##o#.....##
#.....#...##
######.##..... #.#
.#### #.. # ####

Notes
Turn   | Place    | Note
--------------------------------------------------------------
     0 | D:1      | ololoev the Deep Elf Earth Elementalist began the quest for the Orb.
     0 | D:1      | Reached XP level 1. HP: 10/10 MP: 6/6
   105 | D:1      | Reached XP level 2. HP: 15/15 MP: 1/8
   178 | D:1      | Learned a level 2 spell: Passwall
   213 | D:1      | Reached skill level 4 in Spellcasting
   223 | D:2      | Noticed Sigmund
   257 | D:2      | Killed Sigmund
   257 | D:2      | Reached skill level 6 in Spellcasting
   257 | D:2      | Reached XP level 3. HP: 11/19 MP: 1/12
   257 | D:2      | Reached XP level 4. HP: 15/24 MP: 1/14
   257 | D:2      | Reached XP level 5. HP: 17/28 MP: 1/15
   262 | D:2      | Learned a level 3 spell: Stone Arrow
   268 | D:2      | Learned a level 5 spell: Lee's Rapid Deconstruction
   273 | D:2      | Learned a level 4 spell: Petrify
   406 | D:2      | Found a shadowy altar of Dithmenos.
   460 | D:2      | Reached skill level 5 in Earth Magic
   561 | D:4      | Reached skill level 7 in Spellcasting
   561 | D:4      | Reached XP level 6. HP: 24/32 MP: 2/18
   590 | D:4      | Quit the game

Dungeon Overview and Level Annotations

Branches:
Dungeon (4/15)
 Temple: D:4-7

Altars:
Dithmenos


Message History

Casting: Stone Arrow
Confirm with . or Enter, or press ? or * to list all spells.
Aiming: Stone Arrow
Press: ? - help, Shift-Dir - straight line, f/p - worker ant
Aim: a worker ant (heavily wounded)
The stone arrow hits the worker ant.
You kill the worker ant!
Your Spellcasting skill increases to level 7!
You have reached level 6!
Your experience leads to an increase in your attributes!
Your base attributes are Str 5, Int 21, Dex 15.
Increase (S)trength, (I)ntelligence, or (D)exterity?
You feel clever.
You feel sick.
Drink which item? (? for menu, Esc to quit)
It was a potion of resistance.
You feel protected.
You feel sick.
Drink which item? (? for menu, Esc to quit)
It was a potion of invisibility.
You fade into invisibility!
You feel sick.
You are very lightly contaminated with residual magic.
You feel sick.
You see here a worker ant corpse.
You butcher the worker ant corpse.
You feel sick.
b - 3 chunks of flesh You feel sick.
You feel sick.
You feel sick.
You feel sick.
You feel sick.
You feel sick. 2 orcs and an orc wizard come into view.
You feel sick.
Found 13 gold pieces.
You feel sick.
Casting: Stone Arrow
Confirm with . or Enter, or press ? or * to list all spells.
Aiming: Stone Arrow
Press: ? - help, Shift-Dir - straight line, f - orc wizard
Aim: an orc wizard, wielding a dagger and wearing a robe (resting)
The stone arrow hits the orc wizard.
The orc wizard is almost dead.
The orc wizard shouts!
You feel sick.
The orc wizard gestures wildly while chanting.
The orc wizard flickers and vanishes!
Deactivating autopickup; reactivate with Ctrl-A.
Casting: Stone Arrow
Confirm with . or Enter, or press ? or * to list all spells.
Aiming: Sandblast
Press: ? - help, Shift-Dir - straight line The blast of sand hits something.
The orc shouts! x2
You feel sick.
A worker ant comes into view.
Casting: Sandblast
Confirm with . or Enter, or press ? or * to list all spells.
Aiming: Sandblast
Press: ? - help, Shift-Dir - straight line You flicker for a moment.
You hear some strange, mumbled words.
A puff of flame appears from out of thin air!
The puff of flame misses you.
You feel sick.
You feel sick.
Casting: Sandblast
Confirm with . or Enter, or press ? or * to list all spells.
Aiming: Sandblast
Press: ? - help, Shift-Dir - straight line, f - orc
Aim: an orc, wielding a hand axe (hasn't noticed you)
The blast of sand hits the orc.
The orc is severely wounded.
You flicker back into view.
The orc hits you but does no damage.
You feel sick.
You aren't carrying any items that you can evoke.
Unknown command.
Are you sure you want to abandon this character and quit the game? (Confirm with "yes".)

You could see an orc.

Vanquished Creatures
  Sigmund (D:2)
  2 worker ants
  An adder (D:2)
  An ooze (D:1)
  3 dart slugs
  A giant gecko (D:2)
  3 giant cockroaches
  2 goblins
  3 hobgoblins
  A quokka (D:2)
  7 bats
  A giant gecko skeleton (D:4)
  4 giant newts
  A rat (D:2)
31 creatures vanquished.

Action                   |  1- 3 |  4- 6 || total
-------------------------+-------+-------++-------
 Cast: Sandblast         |    23 |    19 ||    42
       Stone Arrow       |       |     9 ||     9
       Passwall          |       |     1 ||     1
  Use: Potion            |       |     2 ||     2
Armor: Robe              |     1 |       ||     1
Dodge: Dodged            |     3 |     3 ||     6

Vault maps used:
D:1:      dpeg_arrival_chase, minmay_strange_pillars, hangedman_decor_push
D:2:      nicolae_dithmenos_shadow_blocks, minmay_misc_feat_more_columns,
          uniq_sigmund
D:3:      kennysheep_slug_shrine, minmay_stone_trees_small, supply_closet_lemuel
D:4:      bloody_makhleb, fedhas_bush_and_centaur_altar, portal_sewer_entry_e,
          first_bread, eino_curves_03, uniq_grinder, uniq_natasha
